 Dungeon Crawl Stone Soup version 0.13-a0-2244-g236abbe (webtiles) character file.

182 Bruce the Grave Robber (level 3, -2/19 HPs)
             Began as a Deep Elf Necromancer on July 6, 2013.
             Was an Initiate of Vehumet.
             Slain by a hound (4 damage)
             ... on Level 4 of the Dungeon.
             The game lasted 00:04:29 (1152 turns).

Bruce the Grave Robber (Deep Elf Necromancer)       Turns: 1152, Time: 00:04:29

HP  -2/19        AC  2     Str  5      XL: 3   Next: 89%
MP  11/11        EV 12     Int 20      God: Vehumet [......]
Gold 119         SH  8     Dex 15      Spells:  3 memorised,  5 levels left

Res.Fire  : . . .   See Invis. : .   r - +2 elf dagger (venom)
Res.Cold  : . . .   Warding    : .   a - +0 elf robe
Life Prot.: . . .   Conserve   : .   t - +0 dwarf buckler
Res.Poison: .       Res.Corr.  : .   (no helmet)
Res.Elec. : .       Clarity    : .   (no cloak)
Sust.Abil.: . .     Spirit.Shd : .   (no gloves)
Res.Mut.  : .       Stasis     : .   (no boots)
Res.Rott. : .       Flight     : .   (no amulet)
Saprovore : . . .                    (no ring)
                                     (no ring)

@: slightly resistant to hostile enchantments, fairly stealthy
A: no striking features
a: Renounce Religion


You were on level 4 of the Dungeon.
You worshipped Vehumet.
Vehumet was noncommittal.
You were not hungry.

You visited 1 branch of the dungeon, and saw 4 of its levels.

You collected 99 gold pieces.

Inventory:

Hand weapons
 r - a +2,+2 elven dagger of venom (weapon)
Missiles
 i - 2 darts of frost (quivered)
Armour
 a - a +0 elven robe (worn)
 t - a +0 dwarven buckler (worn)
Comestibles
 c - 3 bread rations
 f - a honeycomb
 g - a lychee
 h - a chunk of bat flesh
 j - a meat ration
 l - an apple
 s - a chunk of hobgoblin flesh
 x - 2 chunks of hobgoblin flesh
Scrolls
 d - 4 scrolls of identify {unknown}
 e - a scroll of enchant weapon I {unknown}
 k - 2 scrolls of recharging {unknown}
 n - a scroll of fog {unknown}
 o - a scroll of amnesia {unknown}
 p - 3 scrolls of remove curse {unknown}
 v - a scroll of random uselessness {unknown}
 w - a scroll of noise {unknown}
Potions
 m - a potion of confusion {unknown}
 q - a potion of curing {unknown}
 u - a potion of magic
Books
 b - a book of Necromancy

   Spells                             Type                      Level
   *Pain                              Necromancy                   1
   *Animate Skeleton                  Necromancy                   1
   Lethal Infusion                    Charms/Necromancy            2
   Vampiric Draining                  Necromancy                   3
   *Regeneration                      Charms/Necromancy            3
   Animate Dead                       Necromancy                   4
   Control Undead                     Necromancy                   4


   Skills:
 - Level 2.4 Dodging
 - Level 2.4 Stealth
 * Level 4.4 Spellcasting
 + Level 5.4 Necromancy


You had 5 spell levels left.
You knew the following spells:

 Your Spells              Type           Power        Failure   Level  Hunger
a - Pain                  Necr           ####         1%          1    None
t - Animate Skeleton      Necr           N/A          1%          1    None
R - Regeneration          Chrm/Necr      ###.......   17%         3    ###....


Dungeon Overview and Level Annotations

Branches:
Dungeon (4/27)
 Temple: D:4-7

Altars:
Ashenzari
Vehumet
Yredelemnul

Annotations
D:3 Ijyb; smajdalf's ghost, weakling DrCj


Message History

Confirm with . or Enter, or press ? or * to list all spells.
Aiming: Pain
Press: ? - help, Shift-Dir - straight line, f/p - hound
Aim: a hound (heavily wounded)
The hound convulses in agony!
Your hobgoblin skeleton barely misses the hound.
You block the hound's attack.
The hound bites your hobgoblin skeleton.
The adder bites your hobgoblin skeleton.
Your hobgoblin skeleton is destroyed!
Casting: Pain
Confirm with . or Enter, or press ? or * to list all spells.
Aiming: Pain
Press: ? - help, Shift-Dir - straight line, f/p - hound
Aim: a hound (heavily wounded)
The hound convulses in agony!
The hound barely misses you. The adder bites you.
* * * LOW HITPOINT WARNING * * *
Drink which item? (? for menu, Esc to quit)
Magic courses through your body.
It was a potion of magic.
The hound bites you.
You die...

.....................
....................
...................
...................
...................
...................
....###.^..........
.. ##............
#...@........
##...hS.......
#.......(....
.................
.................
................
..............%
.............
....../....


You could see a hound and an adder.

Vanquished Creatures
  3 adders
  A ball python (D:2)
  5 bats
  2 giant cockroaches (D:2)
  7 hobgoblins
  2 quokkas
  2 giant newts
  7 goblins
  2 kobolds
31 creatures vanquished.

Vanquished Creatures (collateral kills)
  An ooze (D:2)
  A kobold (D:1)
2 creatures vanquished.

Vanquished Creatures (others)
  3 bat skeletons
  A ball python skeleton (D:2)
  2 goblin skeletons
  3 hobgoblin skeletons
9 creatures vanquished.

Grand Total: 42 creatures vanquished

Notes
Turn   | Place    | Note
--------------------------------------------------------------
     0 | D:1      | Bruce, the Deep Elf Necromancer, began the quest for the Orb.
     0 | D:1      | Reached XP level 1. HP: 10/10 MP: 4/4
   183 | D:1      | Learned a level 1 spell: Animate Skeleton
   223 | D:1      | Reached skill level 5 in Necromancy
   310 | D:1      | Reached XP level 2. HP: 6/15 MP: 0/7
   818 | D:2      | Found a basalt altar of Yredelemnul.
   857 | D:2      | Reached XP level 3. HP: 11/19 MP: 7/10
   862 | D:2      | Learned a level 3 spell: Regeneration
   920 | D:2      | Found a radiant altar of Vehumet.
   921 | D:2      | Found a shattered altar of Ashenzari.
   927 | D:2      | Became a worshipper of Vehumet
  1056 | D:3      | Noticed smajdalf's ghost (weakling DrCj)
  1097 | D:3      | Noticed Ijyb
  1122 | D:4      | Noticed an ogre
  1152 | D:4      | Slain by a hound

Action                   || total
-------------------------++-------
Melee: Dagger            ||     6
Throw: Dart              ||     1
 Cast: Pain              ||    52
       Animate Skeleton  ||    13
       Regeneration      ||     1
  Use: Potion            ||     1
